 Dungeon Crawl Stone Soup version 0.22-a0-580-gd5db89c (webtiles) character file.

2946 iamserjio the Cleaver (level 10, -7/99 HPs)
             Began as a Halfling Fighter on July 3, 2018.
             Was an Initiate of Okawaru.
             Mangled by a two-headed ogre
             ... wielding a +0 giant club
              (24 damage)
             ... on level 8 of the Dungeon.
             The game lasted 00:29:57 (2946 turns).

iamserjio the Cleaver (Halfling Fighter)            Turns: 2946, Time: 00:29:57

Health: -7/99      AC:  9    Str: 22    XL:     10   Next: 7%
Magic:  10/10      EV: 19    Int:  9    God:    Okawaru [......]
Gold:   355        SH: 12    Dex: 20    Spells: 9/9 levels left

rFire    + . .     SeeInvis .   a - +0 war axe
rCold    . . .     Gourm    .   c - +0 shield
rNeg     . . .     Faith    .   b - +0 scale mail
rPois    .         Spirit   .   (no helmet)
rElec    .         Reflect  .   (no cloak)
rCorr    .         Harm     .   r - +0 pair of gloves
MR       .....                  (no boots)
Stlth    ..........             i - amulet of rage
HPRegen  0.26/turn              (no ring)
MPRegen  0.12/turn              u - ring of protection from fire

@: agile, berserking, very quick
A: small, mutation resistance 1
a: Renounce Religion, Evoke Berserk Rage


You were on level 8 of the Dungeon.
You worshipped Okawaru.
Okawaru was noncommittal.
You were very hungry.

You visited 2 branches of the dungeon, and saw 9 of its levels.
You also visited: Sewer.

You collected 355 gold pieces.

Inventory:

Hand Weapons
 a - a +0 war axe (weapon)
 E - a cursed +0 morningstar
Missiles
 B - a throwing net (quivered) {!f}
 C - 8 needles of frenzy
Armour
 b - a +0 scale mail (worn)
 c - a +0 shield (worn)
 q - a +0 chain mail
 r - a +0 pair of gloves (worn)
 F - a +0 pair of gloves
Jewellery
 i - an amulet of rage (around neck)
 u - a ring of protection from fire (right hand)
 z - an uncursed amulet of the gourmand {unknown}
 G - an uncursed ring of fire
 I - an uncursed amulet of harm {unknown}
Wands
 s - a wand of random effects (24)
 y - a wand of disintegration (3)
Scrolls
 e - 2 scrolls of immolation
 h - 2 scrolls of teleportation
 m - a scroll of random uselessness
 n - a scroll of amnesia
 o - 4 scrolls of remove curse {@r2}
 w - a scroll of enchant weapon
Potions
 d - a potion of might
 j - a potion of mutation
 k - 4 potions of curing {@q1}
 l - a potion of magic
 p - a potion of degeneration
 v - a potion of ambrosia {unknown}
 x - 2 potions of resistance
 A - a potion of flight {unknown}
Comestibles
 f - 9 rations


   Skills:
 + Level 5.5 Fighting
 * Level 8.0 Axes
 + Level 6.7 Armour
 + Level 5.5 Dodging
 * Level 7.0 Shields


You had 9 spell levels left.
You didn't know any spells.
Your spell library was empty.

Dungeon Overview and Level Annotations

Branches:
Dungeon (8/15)             Temple (1/1) D:7
   Lair: D:8-11

Altars:
Ashenzari
Cheibriados
Dithmenos
Elyvilon
Fedhas
Gozag
Hepliaklqana
Kikubaaqudgha
Makhleb
Nemelex Xobeh
Okawaru
Qazlal
Ru
Sif Muna
Trog
Uskayaw
Vehumet
Wu Jian
Xom
Yredelemnul
Zin
The Shining One

Annotations:
D:7 2 transporters


Innate Abilities, Weirdness & Mutations

You are small and have problems with some larger weapons.
You are somewhat resistant to further mutation.


Message History

Press: ? - help, Shift-Dir - straight line, f/p - two-headed ogre
Aim: a two-headed ogre, wielding two giant clubs (moderately wounded, chance to defeat MR: 48%)
The two-headed ogre is blasted.
You feel agile all of a sudden.
You fail to use your ability.
A red film seems to cover your vision as you go berserk!
You feel yourself moving faster!
You feel mighty!
You are feeling very hungry.
The two-headed ogre hits you with a giant club!!
* * * LOW HITPOINT WARNING * * *
You block the two-headed ogre's attack.
You hit the two-headed ogre.
The two-headed ogre is severely wounded.
You block the two-headed ogre's attack. The two-headed ogre barely misses you.
You hit the two-headed ogre.
The two-headed ogre is severely wounded.
You slash the two-headed ogre!
The two-headed ogre is almost dead.
The two-headed ogre hits you with a giant club!!
You die...

.. ... #.#
..# . .. ..#
..###.# ..#
..... ..#
#.#.#..#
#...<..#
#########)..#
#.....O@))>.#
#.#########.#
#. ... #.
.#.# #. #...
.. ### #. ..


You could see a two-headed ogre.

Vanquished Creatures
  A hippogriff (D:6)
  2 hungry ghosts
  3 wargs
  An ice beast (D:6)
  2 orc warriors (D:7)
  A sky beast (D:5)
  An ogre (D:6)
  2 phantoms
  A crocodile (Sewer)
  A wyvern skeleton (D:7)
  4 wights (D:6)
  A howler monkey (D:6)
  3 crimson imps
  A hound (D:7)
  3 orc priests
  A centaur skeleton (D:4)
  2 jellies (D:6)
  11 orc wizards
  A gnoll shaman (D:5)
  Natasha (thrice) (D:3)
  4 worker ants
  Terence (D:3)
  A hound zombie (D:5)
  3 hound skeletons
  3 gnolls (D:5)
  12 adders
  A river rat (D:4)
  A shadow imp (D:5)
  An ooze (D:4)
  An adder zombie (D:7)
  3 worms
  4 leopard geckos
  35 orcs
  2 bats (D:2)
  4 giant cockroaches
  4 goblins
  4 hobgoblins
  6 jackals
  4 quokkas
  A frilled lizard (D:2)
  6 kobolds
  A leopard gecko skeleton (D:4)
  5 rats
152 creatures vanquished.

Vanquished Creatures (others)
  17 toadstools (D:5)
17 creatures vanquished.

Grand Total: 169 creatures vanquished

Notes
Turn   | Place    | Note
-------+----------+-------------------------------------------
     0 | D:1      | iamserjio the Halfling Fighter began the quest for the Orb.
     0 | D:1      | Reached XP level 1. HP: 15/15 MP: 1/1
   102 | D:2      | Reached XP level 2. HP: 4/20 MP: 2/2
   249 | D:2      | Reached XP level 3. HP: 15/25 MP: 3/3
   343 | D:2      | Reached skill level 1 in Dodging
   353 | D:2      | Found a stormy altar of Qazlal.
   353 | D:2      | Found a glowing golden altar of the Shining One.
   358 | D:2      | Found a deep blue altar of Sif Muna.
   360 | D:2      | Found a sparkling altar of Nemelex Xobeh.
   361 | D:2      | Found a faded altar of an unknown god.
   498 | D:3      | Noticed Natasha
   517 | D:3      | Reached XP level 4. HP: 23/31 MP: 4/4
   525 | D:3      | Killed Natasha
   525 | D:3      | Reached skill level 3 in Axes
   539 | D:3      | Noticed Terence
   539 | D:3      | Noticed Natasha
   548 | D:3      | Killed Terence
   548 | D:3      | Reached XP level 5. HP: 18/36 MP: 5/5
   555 | D:3      | Killed Natasha
   641 | D:3      | Noticed Natasha
   649 | D:3      | Killed Natasha
   773 | D:3      | Reached XP level 6. HP: 21/42 MP: 6/6
   982 | D:4      | Reached skill level 4 in Axes
   984 | D:4      | Found a glowing drain.
   989 | Sewer    | Entered a sewer
  1217 | D:4      | Reached XP level 7. HP: 46/46 MP: 7/7
  1417 | D:5      | Entered Level 5 of the Dungeon
  1533 | D:4      | HP: 2/47 [orc wizard/magic dart (10)]
  1537 | D:4      | Reached skill level 5 in Axes
  1660 | D:5      | Reached XP level 8. HP: 54/54 MP: 8/8
  1682 | D:5      | Reached skill level 5 in Armour
  1682 | D:5      | Reached skill level 5 in Shields
  1786 | D:5      | Found a blossoming altar of Fedhas.
  1815 | D:6      | Reached skill level 6 in Axes
  1846 | D:6      | Found a hazy altar of Hepliaklqana.
  1889 | D:6      | Noticed a hippogriff
  1901 | D:6      | Killed a hippogriff
  2000 | D:6      | Reached XP level 9. HP: 53/59 MP: 9/9
  2327 | D:7      | Found a transporter.
  2353 | D:7      | Found a transporter.
  2371 | D:7      | Reached skill level 7 in Axes
  2404 | D:6      | Reached skill level 5 in Fighting
  2601 | D:8      | Reached skill level 5 in Dodging
  2642 | D:7      | Found a staircase to the Ecumenical Temple.
  2651 | Temple   | Entered the Ecumenical Temple
  2704 | Temple   | Became a worshipper of Warmaster Okawaru
  2743 | D:7      | Paralysed by fainting for 5 turns
  2829 | D:7      | Reached XP level 10. HP: 23/66 MP: 10/10
  2856 | D:7      | Found an ornate altar of the Wu Jian Council.
  2856 | D:7      | Found a shimmering altar of Xom.
  2921 | D:8      | Reached skill level 8 in Axes
  2932 | D:8      | Noticed a two-headed ogre
  2946 | D:8      | Mangled by a two-headed ogre

Vault maps used:
D:1:      dpeg_arrival_connections, bh_walls_and_bars
D:2:      chequers_temple_overflow_minitemple
D:3:      uniq_natasha, uniq_terence
D:4:      lightli_sewer_entry_pipes, hangedman_glass_teeth, skrybe_limestone_x,
          serial_bayou_crossing
D:5:      first_ration, tgw_fedhas
D:6:      kb_forest_paths, lemuel_crystal_altar
D:7:      gammafunk_steamed_eel, gammafunk_temple_overflow_wave,
          minmay_temple_entry_overgrown
D:8:      lemuel_castle_with_subvaults, ebering_ghost_xom, blue_anna_alchemist,
          makhleb_blood_cavern_becter
Temple:   eino_temple_water
Sewer:    sewer_the_crocodile

Skill      XL: |  1  2  3  4  5  6  7  8  9 10 |
---------------+-------------------------------+-----
Dodging        | 1 2 3 4 5 |  5.5
Fighting       | 3 4 5 |  5.5
Axes           | 3 4 5 6 7 8 |  8.0
Armour         | 4 5 6 |  6.7
Shields        | 4 5 6 7 |  7.0

Action                   |  1- 3 |  4- 6 |  7- 9 | 10-12 || total
-------------------------+-------+-------+-------+-------++-------
Melee: War axe           |    71 |   159 |   339 |    38 ||   607
 Abil: Evoke Berserk Rag |       |       |    11 |     1 ||    12
Evoke: Wand              |       |       |     1 |     8 ||     9
  Use: Potion            |       |     4 |     7 |     1 ||    12
       Scroll            |       |     5 |     9 |       ||    14
 Stab: Invisible         |       |       |     2 |       ||     2
  Eat: Chunk             |       |     1 |     8 |     3 ||    12
       Ration            |       |       |     3 |     2 ||     5
Armor: Scale mail        |    19 |    56 |   113 |    17 ||   205
Dodge: Dodged            |    30 |    79 |   170 |    19 ||   298
Block: Shield            |    42 |    90 |   222 |    26 ||   380

Table legend:
 A = Spawn XP
 B = Non-spawn XP
 C = Spawn XP percentage of total XP
 D = Spawn monster count
 E = Non-spawn monster count
 F = Spawn count percentage of total count
 G = Total turns spent on level
                    A         B        C        D         E        F      G
               +---------+---------+-------+---------+---------+-------+---------
         Total |       0 |    4209 |   0.0 |       0 |     152 |   0.0 |  2946
               +---------+---------+-------+---------+---------+-------+---------
           D:1 |       0 |      13 |   0.0 |       0 |       8 |   0.0 |   279
           D:2 |       0 |      59 |   0.0 |       0 |      12 |   0.0 |   233
           D:3 |       0 |     266 |   0.0 |       0 |      24 |   0.0 |   386
           D:4 |       0 |     344 |   0.0 |       0 |      33 |   0.0 |   530
           D:5 |       0 |     637 |   0.0 |       0 |      19 |   0.0 |   362
           D:6 |       0 |    1037 |   0.0 |       0 |      18 |   0.0 |   510
           D:7 |       0 |    1282 |   0.0 |       0 |      25 |   0.0 |   364
           D:8 |       0 |     462 |   0.0 |       0 |       7 |   0.0 |    84
         Sewer |       0 |     109 |   0.0 |       0 |       6 |   0.0 |   125
               +---------+---------+-------+---------+---------+-------+---------
